 Dungeon Crawl Stone Soup version 0.32-a0-135-g14f8b2e1af (webtiles) character file.

Game seed: 1451808809756005868

138 iamserjio the Insei (level 4, -27/38 HPs)
             Began as a Demigod Warper on Feb 10, 2024.
             Annihilated by an ogre
             ... wielding a +0 giant club
              (29 damage)
             ... on level 4 of the Dungeon.
             The game lasted 00:07:28 (1241 turns).

iamserjio the Insei (Demigod Warper)                Turns: 1241, Time: 00:07:28

Health: -27/38     AC:  6    Str: 12    XL:     4   Next: 70%
Magic:  9/9        EV: 10    Int: 19    God:
Gold:   15         SH:  0    Dex: 13    Spells: 5/7 levels left

rFire   . .          .
                       - Unarmed
rCold   + . .        (no shield)
rNeg    . . .        e - +0 ring mail
rPois   .            h - +0 helmet
rElec   .            (no cloak)
rCorr   .            (no gloves)
SInv    .            (no boots)
Will    .....        (no amulet)
Stlth   +            j - ring of protection from cold
HPRegen 0.26/turn    (no ring)
MPRegen 0.11/turn

%: no passive effects
@: no status effects
A: high MP 1, forlorn, divine attributes
a: no special abilities


You were on level 4 of the Dungeon.
You visited 1 branch of the dungeon, and saw 5 of its levels.

You collected 103 gold pieces.
You spent 88 gold pieces at shops.

Inventory:

Missiles
 c - 7 darts of dispersal (quivered)
Armour
 a - a +0 leather armour
 e - a +0 ring mail (worn)
 h - a +0 helmet (worn)
Jewellery
 j - a ring of protection from cold (left hand)
Wands
 l - a wand of paralysis (3)
Scrolls
 b - a scroll of blinking {@r4}
 d - 3 scrolls of identify {unknown}
 f - 4 scrolls of teleportation {unknown}
 g - a scroll of noise {unknown}
 i - a scroll of revelation {unknown}
 k - a scroll of fear {unknown}
Potions
 m - a potion of mutation {unknown}


   Skills:
 - Level 3.0 Fighting
 - Level 0.8 Throwing
 - Level 0.8 Armour
 - Level 1.7 Dodging
 * Level 4.0 Unarmed Combat
 - Level 2.0 Spellcasting
 - Level 2.6 Translocations


You had 5 spell levels left.
You knew the following spells:

 Your Spells              Type           Power      Damage    Failure   Level
a - Blink                 Tloc           24%        N/A       19%         2

Your spell library contained the following spells:

 Spells                   Type           Power      Damage    Failure   Level
 Lesser Beckoning         Tloc           24%        N/A       19%         2
 Teleport Other           Tloc           12%        N/A       36%         3
 Manifold Assault         Tloc           12%        N/A       77%         4
 Vhi's Electric Charge    Tloc/Air       14%        N/A       91%         4


Dungeon Overview and Level Annotations

Branches:
Dungeon (5/15) Zot: 26538
 Temple: D:4-7

Shops:
D:3 *   D:4 (


Innate Abilities, Weirdness & Mutations

You have an increased reservoir of magic. (+10% MP)
You shall have no god before yourself.
Your divine heritage dramatically boosts your attributes as you level up.


Message History

You shake off some of the fire as you move.
The liquid fire burns you!
* * * LOW HITPOINT WARNING * * *
You shake off the liquid fire.
There is a stone staircase leading down here.
There is a stone staircase leading down here.
You climb downwards.
There is a stone staircase leading up here.
You see here a +0 ring mail.
Found Niagirgh's Weapon Shop.
Found a human corpse.
Found a spear.
The ogre shouts!
Found a stone staircase leading down.
Aiming: Paralyse
Press: ? - help, Shift-Dir - straight line, f - ogre
Aim: an ogre, wielding a +0 giant club (chance to affect: 49%)
The ogre suddenly stops moving!
There is an entrance to Niagirgh's Weapon Shop here.
Found a scroll labelled COEGOGOEGI.
The helpless ogre fails to defend itself.
You hit the ogre.
The helpless ogre fails to defend itself.
You punch the ogre!
The helpless ogre fails to defend itself.
You hit the ogre. You punch the ogre.
The helpless ogre fails to defend itself.
You hit the ogre but do no damage.
The ogre is no longer paralysed.
You hit the ogre.
The ogre hits you with a +0 giant club!!
Ouch! That really hurt!
* * * LOW HITPOINT WARNING * * *
You hit the ogre. The ogre hits you with a +0 giant club!
* * * LOW HITPOINT WARNING * * *
You barely miss the ogre. You barely miss the ogre. The ogre barely misses you.
You hit the ogre.
The ogre hits you with a +0 giant club!!
Ouch! That really hurt!
You die...

....# #.....# ... ....#
## #.....####... ....# .
... #............ ..†.#
?o ..######............
........ ...
....................
.....##.#.#..
##...###...........
......#
..>..#)....#............
......#
.#..........#####.......
......# ......O@∩...#
#....... #######
#####.....†.# #.......
....#.....## #.......
### ##...## #....[..
##### #....... #.......
#....... #.......
#.......


You could see an ogre and an orc.

Vanquished Creatures
  A bombardier beetle (D:3)
  Robin (D:3)
  An adder (D:3)
  3 dart slugs
  A ribbon worm (D:3)
  5 orcs
  5 ball pythons
  8 endoplasms
  3 giant cockroaches
  8 goblins
  12 hobgoblins
  4 jackals (D:2)
  2 quokkas
  4 bats
  2 frilled lizards
  3 kobolds
  4 rats
67 creatures vanquished.

Notes
Turn   | Place    | Note
-------+----------+-------------------------------------------
     0 | D:1      | iamserjio the Demigod Warper began the quest for the Orb.
     0 | D:1      | Reached XP level 1. HP: 17/17 MP: 5/5
    72 | D:1      | Reached skill level 2 in Unarmed Combat
   128 | D:1      | Reached XP level 2. HP: 12/24 MP: 7/7
   493 | D:2      | Reached XP level 3. HP: 19/30 MP: 8/8
   560 | D:2      | Reached skill level 3 in Unarmed Combat
   638 | D:4      | Noticed an ogre
   647 | D:3      | Learned a level 2 spell: Blink
   771 | D:5      | Entered Level 5 of the Dungeon
   773 | D:5      | Noticed an ogre
   838 | D:3      | Found Miucriola's Assorted Antiques.
   851 | D:3      | Bought a gold wand for 88 gold pieces
   982 | D:3      | Reached XP level 4. HP: 16/37 MP: 9/9
  1005 | D:3      | Noticed Robin
  1012 | D:3      | Killed Robin
  1180 | D:3      | Reached skill level 4 in Unarmed Combat
  1223 | D:4      | Found Niagirgh's Weapon Shop.
  1238 | D:4      | HP: 1/38 [ogre/+0 giant club (10)]
  1241 | D:4      | Annihilated by an ogre

Illustrated notes

Levels and vault maps discovered:
D:1:      dpeg_arrival_arbitrary_c, layout_loops_ring, feat_on_display
D:2:      layout_basic, basic_altar
D:3:      layout_loops_ring, serial_shops, nicolae_shop_crystal,
          hellmonk_ecumenical_altar_pennies_from_heaven, minivault_23,
          uniq_robin, uniq_terence
D:4:      layout_basic, serial_shops, nicolae_shop_bloodbath_and_beyond
D:5:      minmay_inner_zag, layout_cave_pools, cheibrodos_gnoll_hut

Skill      XL: |  1  2  3  4 |
---------------+-------------+-----
Unarmed Combat | 2 3 4 |  4.0
Fighting       | 2 3 |  3.0
Spellcasting   | 2 |  2.0
Throwing       | |  0.8
Armour         | |  0.8
Dodging        | |  1.7
Translocations | |  2.6

Action                     |  1- 3 |  4- 6 || total
---------------------------+-------+-------++-------
  Melee: Unarmed           |   234 |    78 ||   312
         Punch             |     6 |     4 ||    10
  Evoke: Wand              |       |     3 ||     3
    Use: Potion            |     1 |       ||     1
   Stab: Paralysed         |       |     9 ||     9
 Armour: Leather armour    |    28 |       ||    28
         Ring mail         |   109 |    27 ||   136
         Skin              |     8 |       ||     8
  Dodge: Dodged            |   140 |    23 ||   163

Table legend: (Time is in decaauts)
 A = Elapsed time spent in this place.
 B = Non-inter-level travel time spent in this place.
 C = Inter-level travel time spent in this place.
 D = Time resting spent in this place.
 E = Time spent auto-exploring this place.
 F = Levels seen in this place.
 G = Mean time per level.
                   A        B        C        D        E       F      G
               +--------+--------+--------+--------+--------+-----+--------+
         Total |   1222 |   1174 |     48 |      0 |     26 |   5 |  244.4 |
       Dungeon |   1222 |   1174 |     48 |      0 |     26 |   5 |  244.4 |
               +--------+--------+--------+--------+--------+-----+--------+

Top non-repeatable levels by time:
     D:3: 448 daAuts
     D:1: 310 daAuts
     D:2: 267 daAuts
     D:4: 188 daAuts
     D:5: 7 daAuts
